 Dungeon Crawl Stone Soup version 0.28-b1-25-g9875b3fc8c (webtiles) character file.

Game seed: 4867176930919006267

14 Eryximachus the Magician (level 2, 0/13 HPs)
             Began as a Vine Stalker Hedge Wizard on Feb 1, 2022.
             Slain by a ball python (2 damage)
             ... on level 2 of the Dungeon.
             The game lasted 00:01:12 (559 turns).

Eryximachus the Magician (Vine Stalker Hedge Wizard) Turns: 559, Time: 00:01:13

Health: 0/13       AC:  2    Str: 12    XL:     2   Next: 45%
Magic:  0/7        EV:  9    Int: 14    God:
Gold:   37         SH:  0    Dex: 13    Spells: 6/7 levels left

rFire   . . .      SeeInvis .   a - +0 dagger
rCold   . . .      Faith    .   (no shield)
rNeg    . . .      Spirit   +   b - +0 robe
rPois   .          Reflect  .   c - +0 hat
rElec   .          Harm     .   (no cloak)
rCorr   .          Rampage  .   (no gloves)
Will    .....                   (no boots)
Stlth   ++........              (no amulet)
HPRegen 0.04/turn               (no ring)
MPRegen 0.10/turn               (no ring)

@: constricted
A: fangs 2, magic shield, antimagic bite, no potion heal 2
a: no special abilities


You were on level 2 of the Dungeon.
You visited 1 branch of the dungeon, and saw 2 of its levels.

You collected 37 gold pieces.

Inventory:

Hand Weapons
 a - a +0 dagger (weapon)
Armour
 b - a +0 robe (worn)
 c - a +0 hat (worn)
Scrolls
 d - a scroll of amnesia {unknown}
 e - a scroll of fog {unknown}
 f - a scroll of enchant weapon {unknown}


   Skills:
 + Level 1.7 Dodging
 + Level 2.6 Stealth
 + Level 3.3 Spellcasting
 + Level 1.2 Conjurations
 * Level 1.4 Summonings
 * Level 1.4 Translocations


You had 6 spell levels left.
You knew the following spells:

 Your Spells              Type           Power      Damage    Failure   Level
a - Magic Dart            Conj           20%        1d4       13%         1

Your spell library contained the following spells:

 Spells                   Type           Power      Damage    Failure   Level
 Blink                    Tloc           12%        N/A       17%         2
 Call Imp                 Summ           6%         N/A       17%         2
 Slow                     Hex            8%         N/A       21%         1
 Conjure Flame            Conj/Fire      4%         6-21      43%         3
 Mephitic Cloud           Conj/Pois/Air  3%         N/A       47%         3


Dungeon Overview and Level Annotations

Branches:
Dungeon (1/15)

Altars:


Innate Abilities, Weirdness & Mutations

You have extremely sharp teeth.
When hurt, damage is shared between your health and your magic reserves.
Your bite disrupts and absorbs the magic of your enemies.
Potions cannot restore your health.


Message History

Aiming: Magic Dart (safe; 13% risk of failure)
Press: ? - help, Shift-Dir - straight line, f - bat
Aim: a bat (100% to hit)
The magic dart hits the bat.
The bat is moderately wounded.
The bat hits you but does no damage.
Casting: Magic Dart (safe; 13% risk of failure)
Confirm with . or Enter, or press ? or * to list all spells.
You don't know that spell.
You miss the bat. You bite the bat.
You kill the bat!
The ball python bites you but does no damage.
The ball python barely misses you.
You barely miss the ball python. Your bite misses the ball python.
The ball python bites you. The ball python barely misses you.
You closely miss the ball python. The ball python barely misses you. x2
The ball python bites you. The ball python misses you.
The ball python hisses angrily.
You hit the ball python but do no damage.
Your bite misses the ball python. The ball python closely misses you.
The ball python barely misses you.
You hit the ball python.
The ball python is heavily wounded.
The ball python bites you but does no damage.
The ball python grabs you. The ball python constricts you.
You closely miss the ball python.
The ball python is heavily wounded.
The ball python bites you.
* * * LOW HITPOINT WARNING * * *
The ball python constricts you.
You barely miss the ball python. You bite the ball python.
You kill the ball python!
The ball python misses you. The ball python grabs you.
The ball python constricts you.
* * * LOW HITPOINT WARNING * * *
You hit the ball python.
You bite the ball python, but do no damage.
The ball python is moderately wounded.
The ball python bites you.
You die...

#..#...#.#.#####
##.##.##........
#.#!)$#..##....
#.##S##..##.###
#.......###.#
##..#..## #.# .
#....## #.#
....########.####
#.#
........@S...#
#.#
.#..##########
#.#


You could see a ball python.

Vanquished Creatures
  A dart slug (D:1)
  2 ball pythons (D:2)
  A giant cockroach (D:1)
  2 kobolds
  2 bats (D:2)
  A frilled lizard (D:1)
  2 goblins (D:1)
11 creatures vanquished.

Notes
Turn   | Place    | Note
-------+----------+-------------------------------------------
     0 | D:1      | Eryximachus the Vine Stalker Hedge Wizard began the quest
                  | for the Orb.
     0 | D:1      | Reached XP level 1. HP: 9/9 MP: 5/5
   218 | D:1      | Reached XP level 2. HP: 13/13 MP: 1/7
   327 | D:1      | You fall into a shaft and drop 1 floor!
   559 | D:2      | Slain by a ball python

Illustrated notes

Levels and vault maps discovered:
D:1:      ebering_trefoil_3fold, layout_loops_ring,
          dreamdust_ecumenical_altar_drowned_temple, minmay_domino_2
D:2:      layout_loops_corners, serial_shops, shop, minmay_misc_feat_tiny,
          minmay_split_cup_small, uniq_natasha

Action                   || total
-------------------------++-------
Melee: Dagger            ||    12
       Bite              ||     3
 Cast: Magic Dart        ||    25
Armor: Robe              ||     9
Dodge: Dodged            ||    21
